 Dungeon Crawl Stone Soup version 0.27-a0-417-g317cea8a3c (webtiles) character file.

Game seed: 10625966789006497154

106 jasper the Sneak (level 4, 0/21 HPs)
             Began as a Spriggan Artificer on Feb 25, 2021.
             Was a Follower of Uskayaw.
             Slain by an adder (5 damage)
             ... on level 3 of the Dungeon.
             The game lasted 00:04:23 (3283 turns).

jasper the Sneak (Spriggan Artificer)               Turns: 3283, Time: 00:04:24

Health: 0/21       AC:  2    Str:  8    XL:     4   Next: 55%
Magic:  5/5        EV: 18    Int: 12    God:    Uskayaw [*.....]
Gold:   107        SH:  0    Dex: 16    Spells: 3/3 levels left

rFire    . . .     SeeInvis +   g - +0 short sword
rCold    . . .     Faith    .   (shield restricted)
rNeg     . . .     Spirit   .   b - +0 robe
rPois    .         Reflect  .   (helmet restricted)
rElec    .         Harm     .   (no cloak)
rCorr    .         Rampage  .   (gloves unavailable)
Will     .....                  (boots unavailable)
Stlth    +++.......             (no amulet)
HPRegen  0.07/turn              (no ring)
MPRegen  0.09/turn              (no ring)

@: lethally poisoned (0 -> -2), very quick
A: very small, unfitting armour, see invisible, speed 3
a: Renounce Religion, Stomp


You were on level 3 of the Dungeon.
You worshipped Uskayaw.
Uskayaw was noncommittal.
You visited 1 branch of the dungeon, and saw 3 of its levels.

You collected 107 gold pieces.

Inventory:

Hand Weapons
 a - a +0 club
 g - a +0 short sword (weapon)
Missiles
 j - 62 stones
 l - 2 boomerangs (quivered)
Armour
 b - a +0 robe (worn)
Wands
 c - a wand of flame (4)
 d - a wand of charming (13)
 e - a wand of random effects (5)
Scrolls
 h - a scroll of enchant weapon {unknown}
 k - a scroll of blinking {unknown}
 o - a scroll of random uselessness {unknown}
 p - a scroll of amnesia {unknown}
Potions
 f - a potion of attraction {unknown}
 i - a potion of haste {unknown}
 m - a potion of curing {unknown}
 n - a potion of berserk rage {unknown}


   Skills:
 - Level 0.7 Fighting
 + Level 2.4 Short Blades
 - Level 3.2 Dodging
 * Level 6.0 Stealth
 - Level 4.0 Evocations


You had 3 spell levels left.
You didn't know any spells.
Your spell library was empty.

Dungeon Overview and Level Annotations

Branches:
Dungeon (3/15)

Altars:
Uskayaw
Xom


Innate Abilities, Weirdness & Mutations

You are very small and have problems with some larger weapons.
You are too small for most types of armour.
You have supernaturally acute eyesight. (SInv)
You cover ground extremely quickly.


Message History

There is a stone staircase leading up here.
You climb upwards.
There is a stone staircase leading down here.
You start resting.
HP restored.
Health restored: 21 You climb downwards.
The adder bites you. x2
There is a stone staircase leading up here.
You take 6 damage, and have 15/21 hp.
MASSIVE DAMAGE!!
You hit the adder.
The adder is lightly wounded.
The adder misses you. The adder closely misses you.
You hit the adder.
The adder is lightly wounded.
The adder completely misses you.
You closely miss the adder.
The adder is lightly wounded.
The adder completely misses you.
You hit the adder.
The adder is heavily wounded.
The adder bites you. x2
You are poisoned.
The adder poisons you!
You take 8 damage, and have 7/21 hp.
MASSIVE DAMAGE!!
You are too injured to fight recklessly!
You are too injured to fight recklessly!
You hit the adder but do no damage.
The adder is heavily wounded.
You feel sick. The adder completely misses you.
You take 1 damage, and have 6/21 hp.
You hit the adder but do no damage.
The adder is heavily wounded.
The adder misses you.
You miss the adder.
The adder is heavily wounded.
The adder bites you but does no damage.
You hit the adder but do no damage.
The adder is heavily wounded.
You feel sick. The adder completely misses you. The adder bites you.
You die...

#.# #....# .#
#.# #####....#
.. ###.#
#...#....# ..
#...#
#........# .##
#)###
#....#####
#.#######...##
#...........#
#########...#
#@..# #S..#
#####


You could see an adder.

Vanquished Creatures
  Terence (D:2)
  3 adders
  An ooze (D:3)
  A worm (D:2)
  A dart slug (D:3)
  3 giant cockroaches
  7 goblins
  6 hobgoblins
  2 jackals (D:1)
  A quokka (D:2)
  4 bats
  7 frilled lizards
  4 kobolds
  2 rats (D:1)
43 creatures vanquished.

Vanquished Creatures (collateral kills)
  A worm (D:3)
1 creature vanquished.

Grand Total: 44 creatures vanquished

Notes
Turn   | Place    | Note
-------+----------+-------------------------------------------
     0 | D:1      | jasper the Spriggan Artificer began the quest for the Orb.
     0 | D:1      | Reached XP level 1. HP: 9/9 MP: 2/2
    59 | D:1      | Reached skill level 2 in Stealth
   260 | D:1      | Reached skill level 3 in Stealth
   260 | D:1      | Reached XP level 2. HP: 9/14 MP: 3/3
   464 | D:1      | Reached skill level 1 in Short Blades
  1302 | D:2      | Reached skill level 4 in Stealth
  1370 | D:2      | Noticed Terence
  1407 | D:2      | Killed Terence
  1408 | D:2      | Reached XP level 3. HP: 17/17 MP: 4/4
  1746 | D:2      | Reached skill level 5 in Stealth
  1955 | D:2      | Reached XP level 4. HP: 17/21 MP: 5/5
  2702 | D:3      | Noticed a +0 hand axe
  2702 | D:3      | Noticed a +0 hand axe
  2703 | D:3      | Found a hide-covered altar of Uskayaw.
  2720 | D:3      | Became a worshipper of Uskayaw the Reveller
  2721 | D:3      | Found a shimmering altar of Xom.
  2749 | D:3      | Reached * piety under Uskayaw
  3026 | D:3      | Reached ** piety under Uskayaw
  3039 | D:3      | Reached skill level 6 in Stealth
  3283 | D:3      | Slain by an adder

Illustrated notes

Levels and vault maps discovered:
D:1:      dpeg_arrival_shelter, layout_basic
D:2:      layout_loops_corners, eino_tiny_chamber, uniq_terence
D:3:      layout_rooms, general_overflow_altar,
          grunt_temple_overflow_cloverleaf, dancing_weapons_uskayaw

Skill      XL: |  1  2  3  4 |
---------------+-------------+-----
Stealth        | 3 4 5 6 |  6.0
Short Blades   | 1 2 |  2.4
Fighting       | |  0.7
Dodging        | |  3.2
Evocations     | |  4.0

Action                   |  1- 3 |  4- 6 || total
-------------------------+-------+-------++-------
Melee: Short sword       |    67 |    59 ||   126
Throw: Boomerang         |    29 |    10 ||    39
       Stone             |     8 |       ||     8
Evoke: Wand              |    21 |     2 ||    23
 Stab: Petrified         |     3 |       ||     3
       Sleeping          |     3 |     4 ||     7
Armor: Robe              |     3 |     5 ||     8
Dodge: Dodged            |    48 |    33 ||    81

Table legend: (Time is in decaauts)
 A = Elapsed time spent in this place.
 B = Non-inter-level travel time spent in this place.
 C = Inter-level travel time spent in this place.
 D = Time resting spent in this place.
 E = Time spent auto-exploring this place.
 F = Levels seen in this place.
 G = Mean time per level.
                   A        B        C        D        E       F      G
               +--------+--------+--------+--------+--------+-----+--------+
         Total |   2582 |   2516 |     66 |    828 |   1285 |   3 |  860.7 |
       Dungeon |   2582 |   2516 |     66 |    828 |   1285 |   3 |  860.7 |
               +--------+--------+--------+--------+--------+-----+--------+

Top non-repeatable levels by time:
     D:2: 1263 daAuts
     D:1: 969 daAuts
     D:3: 350 daAuts
